 Dungeon Crawl Stone Soup version 0.19.0-17-g07987d3 (webtiles) character file.

59 cedor the Grave Robber (level 3, -1/24 HPs)
             Began as a Mummy Necromancer on Nov 10, 2016.
             Slain by Purgy (8 damage)
             ... on level 3 of the Dungeon.
             The game lasted 00:06:05 (1606 turns).

cedor the Grave Robber (Mummy Necromancer)          Turns: 1606, Time: 00:06:05

Health: -1/24      AC:  2    Str: 11    XL:     3   Next: 78%
Magic:  0/6        EV: 12    Int: 15    God:
Gold:   98         SH:  0    Dex: 12    Spells: 3 memorised, 2 levels left

rFire  x . .     SeeInvis .     e - +0 spear (freeze)
rCold  + . .     Gourm    .     a - +0 robe
rNeg   + + +     Faith    .     (no shield)
rPois  ∞         Spirit   .     (no helmet)
rElec  .         Reflect  .     (no cloak)
rCorr  .         Harm     .     (no gloves)
MR     .....                    (no boots)
Stlth  ++........               (no amulet)
                                (no ring)
                                (no ring)

@: no status effects
A: no food or potions, fire vulnerability, cold resistance 1, negative energy
resistance 3, torment resistance, unbreathing
a: no special abilities


You were on level 3 of the Dungeon.
You were not hungry.

You visited 1 branch of the dungeon, and saw 3 of its levels.

You collected 98 gold pieces.


Innate Abilities, Weirdness & Mutations

You do not eat or drink.
Your flesh is vulnerable to fire.
You are immune to poison.
Your flesh is cold resistant. (rC+)
You are immune to negative energy. (rN+++)
You are immune to unholy pain and torment.
You can survive without breathing.


   Skills:
 + Level 2.2 Dodging
 + Level 2.3 Stealth
 + Level 2.6 Spellcasting
 + Level 4.2 Necromancy


You had 2 spell levels left.
You knew the following spells:

 Your Spells              Type           Power        Failure   Level  Hunger
x - Vampiric Draining     Necr           ##........   14%         3    N/A
z - Pain                  Necr           ##..         4%          1    N/A
Z - Animate Skeleton      Necr           N/A          4%          1    N/A

Inventory:

Hand Weapons
 e - a +0 spear of freezing (weapon)
 i - a +1 dagger of venom
Missiles
 d - 27 stones (quivered)
Armour
 a - a +0 robe (worn)
Scrolls
 c - a scroll of recharging {unknown}
 f - a scroll of immolation {unknown}
 g - a scroll of blinking {unknown}
 h - a scroll of enchant weapon {unknown}
 j - a scroll of fear {unknown}
Books
 b - a book of Necromancy

   Spells                             Type                      Level
   a - Pain                           Necromancy                   1
   b - Animate Skeleton               Necromancy                   1
   c - Vampiric Draining              Necromancy                   3
   d - Regeneration                   Charms/Necromancy            3
   e - Animate Dead                   Necromancy                   4
   f - Control Undead                 Necromancy                   4

Dungeon Overview and Level Annotations

Branches:
Dungeon (3/15)

Altars:
Ashenzari
Gozag
Xom

Annotations:
D:3 Purgy

▒▒ .▒ .▒
.▒ .▒ .▒
▒.▒▒▒.▒▒
▒...M..▒
▒▒▒▒▒T.▒
..▒ ▒.▒
.▒ .▒ ▒


You could see Purgy.


Message History

Press: ? - help, Shift-Dir - straight line, f/p - Purgy
Aim: Purgy (moderately wounded, chance to defeat MR: 79%) Purgy writhes in agony!
Purgy bites you. Purgy misses you. Purgy claws you.
* * * LOW HITPOINT WARNING * * *
Casting: Pain
Confirm with . or Enter, or press ? or * to list all spells.
Aiming: Vampiric Draining
Press: ? - help, Shift-Dir - straight line, f/p - Purgy
Aim: Purgy (moderately wounded) Purgy is heavily wounded.
You feel life coursing into your body. Purgy bites you.
Purgy claws you but does no damage. Purgy claws you.
* * * LOW HITPOINT WARNING * * *
Casting: Vampiric Draining
Confirm with . or Enter, or press ? or * to list all spells.
You don't have enough magic to cast that spell.
Casting: Vampiric Draining
Confirm with . or Enter, or press ? or * to list all spells.
Aiming: Pain
Press: ? - help, Shift-Dir - straight line, f/p - Purgy
Aim: Purgy (heavily wounded, chance to defeat MR: 79%) Purgy writhes in agony!
Purgy bites you.
* * * LOW HITPOINT WARNING * * *
Purgy claws you.
* * * LOW HITPOINT WARNING * * *
Purgy closely misses you.
You hit Purgy. You freeze Purgy.
Purgy is severely wounded.
Purgy bites you!
You die...

Action                   || total
-------------------------++-------
Melee: Spear             ||    76
 Cast: Pain              ||    27
       Animate Skeleton  ||     4
       Vampiric Draining ||     1
 Stab: Sleeping          ||     3
       Distracted        ||     1
Armor: Robe              ||    12
Dodge: Dodged            ||    54

Vault maps used:
D:1:      matt_arrival_spirals
D:2:      old_standard_altar, ashenzari_conservatory_becter, lemuel_round_altar
D:3:      nicolae_overflow_hidden_temple, elyvilon_altar_5,
          gup_sewer_entry_pipe, first_bread, uniq_purgy, uniq_sigmund,
          uniq_grinder, uniq_robin

Notes
Turn   | Place    | Note
-------+----------+-------------------------------------------
     0 | D:1      | cedor the Mummy Necromancer began the quest for the Orb.
     0 | D:1      | Reached XP level 1. HP: 13/13 MP: 3/3
     2 | D:1      | Learned a level 1 spell: Animate Skeleton
   346 | D:1      | Reached XP level 2. HP: 10/19 MP: 5/5
   682 | D:2      | Reached skill level 2 in Stealth
   758 | D:2      | Found a shattered altar of Ashenzari.
   770 | D:2      | Found a shimmering altar of Xom.
   789 | D:2      | Reached XP level 3. HP: 12/24 MP: 1/6
   947 | D:2      | Reached skill level 2 in Dodging
  1294 | D:2      | Learned a level 3 spell: Vampiric Draining
  1400 | D:2      | Found an opulent altar of Gozag.
  1600 | D:3      | Noticed Purgy
  1606 | D:3      | Slain by Purgy

Vanquished Creatures
  3 adders (D:2)
  An ooze (D:1)
  2 leopard geckos (D:2)
  4 bats
  2 giant cockroaches (D:2)
  4 goblins
  3 hobgoblins
  A quokka (D:2)
  A frilled lizard (D:1)
  2 kobolds (D:2)
  3 rats (D:2)
26 creatures vanquished.
